 Dungeon Crawl Stone Soup version 0.30-a0-857-gcaf70739d4 (webtiles) character file.

Game seed: 17198877865043863998

168 demibob the Trooper (level 5, -1/42 HPs)
             Began as a Demonspawn Wanderer on Mar 5, 2023.
             Slain by a gnoll
             ... wielding a +0 halberd
              (7 damage)
             ... on level 3 of the Dungeon.
             The game lasted 00:03:30 (2227 turns).

demibob the Trooper (Demonspawn Wanderer)           Turns: 2227, Time: 00:03:31

Health: -1/42      AC:  9    Str: 12 (13) XL:     5   Next: 23%
Magic:  6/6        EV:  5    Int: 12 (14) God:
Gold:   115        SH:  0    Dex: 13      Spells: 5/6 levels left

rFire   . . .      SeeInvis .    a - +3 short sword
rCold   . . .      Faith    .    (no shield)
rNeg    . . .      Spirit   .    l - +0 chain mail
rPois   .          Reflect  .    (helmet restricted)
rElec   .          Rampage  .    j - +0 cloak
rCorr   .                        (no gloves)
Will    .....                    (no boots) Stlth
                                 (no amulet)
HPRegen 0.27/turn                (no ring)
MPRegen 0.20/turn                (no ring)

@: confused, ambrosia-drunk
A: antennae 1, powered by death 1, magic regeneration
a: no special abilities


You were on level 3 of the Dungeon.
You visited 1 branch of the dungeon, and saw 3 of its levels.

You collected 115 gold pieces.


Innate Abilities, Weirdness & Mutations

You have a pair of small antennae on your head.
You regenerate a little health from kills.
You regenerate magic rapidly.


   Skills:
 - Level 4.0 Fighting
 - Level 3.2 Short Blades
 - Level 1.0 Throwing
 + Level 1.7 Armour
 + Level 3.5 Unarmed Combat
 - Level 1.0 Spellcasting
 - Level 1.0 Summonings


You had 5 spell levels left.
You knew the following spells:

 Your Spells              Type           Power      Damage    Failure   Level
z - Summon Small Mammal   Summ           12%        N/A       100%        1

Your spell library contained the following spells:

 Spells                   Type           Power      Damage    Failure   Level
 Call Canine Familiar     Summ           3%         N/A       100%        3
 Summon Guardian Golem    Hex/Summ       1%         N/A       100%        3

Inventory:

Hand Weapons
 a - a +3 short sword (weapon)
Armour
 j - a +0 cloak (worn)
 l - a +0 chain mail (worn)
Scrolls
 d - 2 scrolls of enchant armour
 e - 2 scrolls of immolation {unknown}
 h - a scroll of identify {@r1}
 m - a scroll of teleportation {unknown}
Potions
 b - a potion of ambrosia
 f - a potion of attraction
 g - a potion of degeneration
 k - a potion of flight

Dungeon Overview and Level Annotations

Branches:
Dungeon (3/15)

Altars:
Yredelemnul

##.......####...##..#
#.##.... ##.....##
##...#.## #.##.... ####.##
##[...# #....### #.# ###..#
####.... ###.### ##.##
##### ....... #..########..
....... ##...#.......#
.......#######......#######
......)..g@......#..## ###
.......########..##..####..
....... #..###.##...#
....... ##...##....###
####### #..#.......#
###.##..####.## #...#####
#..# #######.### ##.##
#.......# #.##


You could see a gnoll.


Message History

* * * LOW HITPOINT WARNING * * *
You completely miss the gnoll.
The gnoll is moderately wounded.
The gnoll hits you with a +0 halberd!
* * * LOW HITPOINT WARNING * * *
You hit the gnoll but do no damage.
The gnoll is moderately wounded.
The gnoll hits you with a +0 halberd.
* * * LOW HITPOINT WARNING * * *
You hit the gnoll.
The gnoll is heavily wounded.
You aren't carrying any items that you can evoke.
It was a potion of ambrosia.
You are confused.
You feel invigorated. The gnoll hits you with a +0 halberd.
* * * LOW HITPOINT WARNING * * *
You hit the gnoll.
The gnoll is severely wounded.
The gnoll hits you with a +0 halberd!
* * * LOW HITPOINT WARNING * * *
Sorry, you're not good enough to have a special ability.
You hit the gnoll.
The gnoll is almost dead.
The gnoll hits you with a +0 halberd.
* * * LOW HITPOINT WARNING * * *
Okay, then.
You closely miss the gnoll.
The gnoll is almost dead.
The gnoll hits you with a +0 halberd!
You die...

Skill      XL: |  1  2  3  4 |
---------------+-------------+-----
Short Blades   | 3 |  3.2
Unarmed Combat | 1 2 3 |  3.5
Armour         | 1 |  1.7
Fighting       | |  4.0
Throwing       | |  1.0
Spellcasting   | |  1.0
Summonings     | |  1.0

Action                     |  1- 3 |  4- 6 || total
---------------------------+-------+-------++-------
  Melee: Short sword       |   126 |    95 ||   221
         Punch             |     4 |     2 ||     6
    Use: Scroll            |     4 |       ||     4
         Potion            |       |    13 ||    13
   Stab: Sleeping          |     2 |       ||     2
 Armour: Robe              |    27 |     1 ||    28
         Chain mail        |       |    35 ||    35
  Dodge: Dodged            |    66 |    14 ||    80

Levels and vault maps discovered:
D:1:      shiori_shiawase, layout_basic
D:2:      layout_rooms, basic_altar, roderic_cross_of_infinity,
          minmay_misc_feat_tower
D:3:      layout_rooms

Notes
Turn   | Place    | Note
-------+----------+-------------------------------------------
     0 | D:1      | demibob the Demonspawn Wanderer began the quest for the
                  | Orb.
     0 | D:1      | demibob set off with the following items: a +3 short sword,
                  | a potion of curing {@q1}, a +0 robe; and the following
                  | spell memorised: Summon Small Mammal; and the following
                  | spells available to memorise: Call Canine Familiar.
     0 | D:1      | Reached XP level 1. HP: 19/19 MP: 2/2
   112 | D:1      | Reached skill level 3 in Short Blades
   299 | D:1      | You feel monstrous as your demonic heritage exerts itself.
   299 | D:1      | Discovered your monstrous ancestry.
   299 | D:1      | Gained mutation: You have a pair of small antennae on your
                  | head. [demonic ancestry]
   299 | D:1      | Reached XP level 2. HP: 25/25 MP: 3/3
   563 | D:1      | Reached skill level 1 in Unarmed Combat
   941 | D:2      | Reached XP level 3. HP: 28/30 MP: 4/4
  1011 | D:2      | Found a basalt altar of Yredelemnul.
  1024 | D:2      | Reached skill level 2 in Unarmed Combat
  1451 | D:2      | Gained mutation: You regenerate magic rapidly. [demonic
                  | ancestry]
  1451 | D:2      | Reached XP level 4. HP: 34/37 MP: 5/5
  1767 | D:3      | Reached skill level 3 in Unarmed Combat
  1820 | D:3      | HP: 1/37 [orc priest/+0 hand axe (4)]
  1826 | D:3      | Reached skill level 1 in Armour
  2087 | D:3      | Gained mutation: You regenerate a little health from kills.
                  | [demonic ancestry]
  2087 | D:3      | Reached XP level 5. HP: 42/42 MP: 6/6
  2210 | D:3      | HP: 3/42 [gnoll/+0 flail (6)]
  2225 | D:3      | HP: 1/42 [gnoll/+0 halberd (13)]
  2227 | D:3      | Slain by a gnoll

Vanquished Creatures
  An orc priest (D:3)
  3 gnolls (D:3)
  3 adders
  3 worms
  2 dart slugs (D:3)
  4 orcs (D:3)
  12 endoplasms
  8 giant cockroaches
  4 goblins (D:1)
  6 hobgoblins
  A kobold (D:1)
  A quokka (D:2)
  6 ball pythons
  4 bats
  4 frilled lizards
  A rat (D:3)
63 creatures vanquished.

Table legend: (Time is in decaauts)
 A = Elapsed time spent in this place.
 B = Non-inter-level travel time spent in this place.
 C = Inter-level travel time spent in this place.
 D = Time resting spent in this place.
 E = Time spent auto-exploring this place.
 F = Levels seen in this place.
 G = Mean time per level.
                   A        B        C        D        E       F      G
               +--------+--------+--------+--------+--------+-----+--------+
         Total |   2191 |   2149 |     42 |    100 |   1596 |   3 |  730.3 |
       Dungeon |   2191 |   2149 |     42 |    100 |   1596 |   3 |  730.3 |
               +--------+--------+--------+--------+--------+-----+--------+

Top non-repeatable levels by time:
     D:1: 926 daAuts
     D:2: 658 daAuts
     D:3: 606 daAuts

Table legend:
 A = Non-vault XP
 B = Vault XP
 C = Vault XP percentage of total XP
 D = Non-vault monster count
 E = Vault monster count
 F = Vault count percentage of total count
                 A         B        C        D         E       F
            +---------+---------+-------+---------+---------+-------
      Total |     240 |       0 |   0.0 |      63 |       0 |   0.0
            +---------+---------+-------+---------+---------+-------
        D:1 |      39 |       0 |   0.0 |      21 |       0 |   0.0
        D:2 |      65 |       0 |   0.0 |      21 |       0 |   0.0
        D:3 |     136 |       0 |   0.0 |      21 |       0 |   0.0
            +---------+---------+-------+---------+---------+-------
